 Dungeon Crawl Stone Soup version 0.25-a0-513-ge77a69270c (webtiles) character file.

Game seed: 18071751803502909736, levelgen mode: classic

12394 EnegeticOcto the Cleaver (level 11, 0/104 HPs)
             Began as a Deep Dwarf Fighter on Feb 16, 2020.
             Was an Elder of Makhleb.
             Slain by an enormous slime creature (48 damage)
             ... on level 12 of the Dungeon.
             The game lasted 00:05:36 (6171 turns).

EnegeticOcto the Cleaver (Deep Dwarf Fighter)       Turns: 6171, Time: 00:05:37

Health: 0/104      AC: 17    Str: 23    XL:     11   Next: 61%
Magic:  12/12      EV: 12    Int:  9    God:    Makhleb [****..]
Gold:   551        SH: 11    Dex: 12    Spells: 10/10 levels left

rFire    + . .     SeeInvis .   a - +1 war axe
rCold    + . .     Gourm    .   c - +0 kite shield
rNeg     + . .     Faith    .   u - +0 plate armour
rPois    .         Spirit   .   z - +0 helmet
rElec    .         Reflect  .   v - scarf {rC+ rF+}
rCorr    .         Harm     +   r - +1 pair of gloves
MR       +....                  (no boots)
Stlth    ..........             x - amulet of harm
HPRegen  0.00/turn              C - +4 ring of evasion
MPRegen  0.13/turn              y - ring of positive energy

@: non-regenerating
A: damage resistance, heal wounds, sense surroundings 2, no regeneration
a: Heal Wounds, Minor Destruction, Lesser Servant of Makhleb, Major Destruction,
Renounce Religion


You were on level 12 of the Dungeon.
You worshipped Makhleb.
Makhleb was greatly pleased with you.
You were not hungry.

You visited 2 branches of the dungeon, and saw 13 of its levels.

You collected 551 gold pieces.

Inventory:

Hand Weapons
 a - a +1 war axe (weapon)
Missiles
 i - 4 throwing nets (quivered)
Armour
 c - a +0 kite shield (worn)
 r - a +1 pair of gloves (worn)
 u - a +0 plate armour (worn)
 v - a scarf of resistance (worn)
 z - a +0 helmet (worn)
Jewellery
 x - an amulet of harm (around neck)
 y - a ring of positive energy (right hand)
 C - a +4 ring of evasion (left hand)
Wands
 s - a wand of flame (36)
 D - a wand of clouds (4)
 G - a wand of scattershot (6)
Scrolls
 b - a scroll of brand weapon
 h - a scroll of blinking {@r3}
 j - 2 scrolls of immolation {@r4}
 k - 5 scrolls of remove curse {@r6}
 n - 2 scrolls of fog
 p - a scroll of enchant armour
 w - a scroll of magic mapping {@r5}
 A - a scroll of summoning
 B - 2 scrolls of enchant weapon
 E - a scroll of holy word
 F - 4 scrolls of teleportation {@r2}
Potions
 d - 4 potions of might {@q3}
 f - a potion of haste {@q4}
 g - a potion of heal wounds {@q2}
 l - 3 potions of curing {@q1}
 m - 2 potions of resistance {@q6}
 o - a potion of flight
 t - a potion of magic
Comestibles
 e - 10 rations


   Skills:
 * Level 8.4 Fighting
 * Level 10.5 Axes
 + Level 8.0 Armour
 + Level 7.1 Dodging
 + Level 8.0 Shields
 * Level 9.9 Invocations


You had 10 spell levels left.
You didn't know any spells.
Your spell library contained the following spells:

 Spells                   Type           Power        Failure   Level  Hunger
 Freeze                   Ice            #...         100%        1    ##.....
 Magic Dart               Conj           #...         100%        1    ##.....
 Summon Butterflies       Summ           #.......     100%        1    ##.....
 Blink                    Tloc           N/A          100%        2    ###....
 Call Imp                 Summ           #.......     100%        2    ###....
 Slow                     Hex            #.......     100%        2    ###....
 Call Canine Familiar     Summ           #.......     100%        3    ####...
 Conjure Flame            Conj/Fire      #.......     100%        3    ####...
 Frozen Ramparts          Ice            #.....       100%        3    ####...
 Mephitic Cloud           Conj/Pois/Air  #.......     100%        3    ####...
 Ozocubu's Armour         Chrm/Ice       #.......     100%        3    ####...
 Hailstorm                Conj/Ice       #.......     100%        4    #####..
 Summon Ice Beast         Ice/Summ       #.......     100%        4    #####..
 Summon Mana Viper        Hex/Summ       #.......     100%        5    ######.
 Summon Hydra             Summ           #.........   100%        7    #######


Dungeon Overview and Level Annotations

Branches:
Dungeon (12/15)            Temple (1/1) D:6            Lair (0/6) D:9
    Orc (0/2) D:9

Altars:
Ashenzari
Cheibriados
Dithmenos
Elyvilon
Gozag
Hepliaklqana
Kikubaaqudgha
Makhleb
Okawaru
Qazlal
Ru
Trog
Uskayaw
Wu Jian
Xom
Yredelemnul
The Shining One
Beogh

Shops:
D:6 (   D:7 :

Annotations:
D:5 2 runed translucent doors
D:6 1 runed translucent door, Crazy Yiuf


Innate Abilities, Weirdness & Mutations

You are resistant to damage.
You can heal yourself by infusing magical energy.
You passively map the area around you.
You do not regenerate.


Message History

No target in view!
No target in view!
No target in view!
No target in view!
No target in view!
Items here: ) [ †††† You butcher the iguana corpse.
q - a chunk of flesh
Items here: ) [ ÷ ††† x2
Eating a chunk of flesh.
You eat the chunk of flesh.
This raw flesh tastes terrible.
You now have 527 gold pieces (gained 15).
A bullfrog skeleton comes into view.
A bullfrog skeleton is nearby!
A bullfrog skeleton is nearby!
A bullfrog skeleton is nearby!
No target in view!
No target in view!
No target in view!
No target in view!
No target in view!
No target in view!
No target in view!
No target in view!
No target in view!
The bullfrog skeleton is too close now for your liking.
The bullfrog skeleton hits you but does no damage.
You hit the bullfrog skeleton but do no damage.
You block the bullfrog skeleton's attack.
You hit the bullfrog skeleton.
The bullfrog skeleton is lightly damaged.
The bullfrog skeleton barely misses you. x2
You hit the bullfrog skeleton.
The bullfrog skeleton is moderately damaged.
The bullfrog skeleton closely misses you.
You slash the bullfrog skeleton!
The bullfrog skeleton is severely damaged.
You block the bullfrog skeleton's attack.
You slash the bullfrog skeleton!
You destroy the bullfrog skeleton!
Makhleb accepts your kill.
No target in view!
No target in view!
No target in view!
No target in view!
No target in view!
No target in view!
No target in view!
No target in view!
You now have 551 gold pieces (gained 24).
You are no longer corroded. 2 slime creatures come into view.
The slime creature quivers. x2
Two slime creatures merge to form a large slime creature.
A large slime creature is nearby!
A large slime creature is nearby!
Found a ration. 4 slime creatures come into view.
The slime creature quivers. x3; The slime creature jiggles.
The slime creature moves out of view. x2
Found a stone staircase leading down.
A large slime creature splits.
You hit the slime creature.
The slime creature is lightly wounded.
You hit the slime creature but do no damage.
The slime creature hits you. You block the slime creature's attack.
You slash the slime creature!
The slime creature is lightly wounded.
You slash the slime creature!
Two slime creatures merge to form a large slime creature.
The slime creature hits you but does no damage.
You block the slime creature's attack.
You slash the slime creature!
The slime creature is heavily wounded.
You hit the slime creature but do no damage.
You hit the slime creature.
Two slime creatures merge to form a very large slime creature.
You block the slime creature's attack.
The slime creature hits you but does no damage.
The slime creature barely misses you.
You hit the slime creature.
The slime creature is heavily wounded.
You hit the slime creature but do no damage.
You barely miss the slime creature.
Two slime creatures merge to form an enormous slime creature.
You block the slime creature's attack. x2
You slash the slime creature!
The slime creature is heavily wounded.
You slash the enormous slime creature! You hit the slime creature.
The enormous slime creature hits you!!
A hound comes into view.
You block the slime creature's attack. x2
The hound barks!
You slash the slime creature!
The slime creature is severely wounded.
You hit the slime creature. You slash the enormous slime creature!
You hear a shout!
The hound falls through a shaft!
The shaft crumbles and collapses.
The enormous slime creature hits you!!!
You die...

####......#...#,.. , ,
, ..........##..##.
..,. , ,
####......##.... .#.#
, , , * ##...####...#
*.#.# , #..#....#...#
#...# , , ,
#.#####.##..#*...# * *
,
#.*###......##...##..
, ,
..*#..........J......,
, *,*#..##...##.@###..
, , , *,
#.#*#.####.JJ....○. ,
* #.. #..# #.###.....
, ...,...## #.# ....,
, , .. .... #.# ...
.... #.#* * ,.., , , ,
* >.% , ,. , * *..# ,
, , * , , , ,


You could see an enormous slime creature and 2 slime creatures.

Vanquished Creatures
  Harold (D:7)
  3 two-headed ogres
  A centaur warrior (D:10)
  An ugly thing (D:11)
  Psyche (D:8)
  A kobold demonologist (D:12)
  Prince Ribbit (D:5)
  5 slime creatures (D:11)
  2 hippogriffs (D:11)
  A wyvern (D:11)
  4 yaks (D:12)
  4 vampire mosquitoes (D:12)
  An acid dragon (D:12)
  A necrophage (D:5)
  A sky beast (D:12)
  3 ice beasts
  7 orc warriors
  A black bear (D:7)
  4 ogres
  3 phantoms
  A crocodile (D:10)
  2 centaurs
  2 big kobolds
  6 bullfrogs
  A wyvern skeleton (D:11)
  5 scorpions
  5 killer bees (D:11)
  3 howler monkeys
  5 crimson imps
  A quasit (D:9)
  A centaur zombie (D:7)
  2 centaur skeletons
  9 hounds
  6 jellies
  8 orc priests
  13 orc wizards
  3 bullfrog skeletons
  4 iguanas
  3 worker ants
  A mummy (D:9)
  A howler monkey zombie (D:6)
  A worker ant zombie (D:8)
  8 adders
  4 shadow imps
  An ooze (D:6)
  3 adder skeletons
  2 worms
  A dart slug (D:5)
  5 leopard geckos
  56 orcs
  2 ball pythons
  3 bats
  3 giant cockroaches
  4 goblins
  A hobgoblin (D:3)
  7 jackals
  A ball python skeleton (D:5)
  2 frilled lizards
  A giant cockroach zombie (D:5)
  A jackal skeleton (D:8)
  14 kobolds
  A leopard gecko skeleton (D:4)
  A leopard gecko zombie (D:7)
  A quokka zombie (D:8)
  A rat (D:1)
252 creatures vanquished.

Notes
Turn   | Place    | Note
-------+----------+-------------------------------------------
     0 | D:1      | EnegeticOcto the Deep Dwarf Fighter began the quest for the
                  | Orb.
     0 | D:1      | Reached XP level 1. HP: 20/20 MP: 1/1
   129 | D:1      | Reached XP level 2. HP: 27/27 MP: 2/2
   234 | D:3      | Reached skill level 3 in Axes
   239 | D:3      | Reached XP level 3. HP: 31/33 MP: 3/3
   274 | D:3      | Reached skill level 1 in Dodging
   305 | D:3      | Reached XP level 4. HP: 29/42 MP: 4/4
   408 | D:4      | Reached skill level 4 in Axes
   408 | D:4      | Reached XP level 5. HP: 31/49 MP: 5/5
   640 | D:4      | Reached XP level 6. HP: 38/56 MP: 6/6
   810 | D:4      | Reached skill level 5 in Axes
   923 | D:5      | Entered Level 5 of the Dungeon
   961 | D:5      | Noticed Prince Ribbit
   990 | D:5      | Reached XP level 7. HP: 61/63 MP: 6/6
   997 | D:5      | Killed Prince Ribbit
  1152 | D:5      | Reached skill level 5 in Armour
  1257 | D:5      | Reached skill level 6 in Axes
  1257 | D:5      | Reached skill level 5 in Shields
  1315 | D:5      | Reached XP level 8. HP: 52/72 MP: 7/7
  1485 | D:5      | Found a runed translucent door.
  1525 | D:5      | Found a runed translucent door.
  1778 | D:6      | Found a staircase to the Ecumenical Temple.
  1787 | Temple   | Entered the Ecumenical Temple
  1857 | Temple   | Became a worshipper of Makhleb the Destroyer
  1894 | D:6      | Found Yhoppergh's Antique Weapon Shop.
  1970 | D:6      | Found a shimmering altar of Xom.
  2018 | D:6      | Found a runed translucent door.
  2019 | D:6      | Noticed Crazy Yiuf
  2158 | D:6      | Reached skill level 1 in Invocations
  2643 | D:7      | Reached skill level 7 in Axes
  2678 | D:7      | Reached skill level 5 in Fighting
  2716 | D:7      | Noticed Harold
  2752 | D:7      | Killed Harold
  2752 | D:7      | Gained mutation: You passively map the area around you.
                  | [Deep Dwarf growth]
  2752 | D:7      | Reached XP level 9. HP: 46/81 MP: 9/11
  2814 | D:7      | Found Yveghan's Book Emporium.
  2871 | D:7      | Reached * piety under Makhleb
  2954 | D:7      | Reached skill level 5 in Invocations
  3232 | D:8      | Found a runed translucent door.
  3291 | D:8      | Reached skill level 8 in Axes
  3294 | D:8      | Reached skill level 5 in Dodging
  3357 | D:8      | Reached ** piety under Makhleb
  3392 | D:8      | Found a roughly hewn altar of Beogh.
  3600 | D:8      | Noticed Psyche
  3612 | D:8      | Paralysed by Psyche for 5 turns
  3619 | D:8      | Killed Psyche
  3694 | D:8      | Reached XP level 10. HP: 85/92 MP: 10/10
  4047 | D:9      | Found a snail-covered altar of Cheibriados.
  4080 | D:9      | Found a staircase to the Lair.
  4131 | D:9      | Found a staircase to the Orcish Mines.
  4855 | D:10     | Entered Level 10 of the Dungeon
  4860 | D:10     | Noticed a centaur warrior
  4866 | D:10     | Reached *** piety under Makhleb
  4866 | D:10     | Reached skill level 9 in Axes
  4881 | D:10     | Killed a centaur warrior
  5069 | D:10     | Noticed a two-headed ogre
  5080 | D:10     | Killed a two-headed ogre
  5418 | D:11     | Noticed a purple ugly thing
  5430 | D:11     | Killed a purple ugly thing
  5430 | D:11     | Reached XP level 11. HP: 102/102 MP: 11/11
  5559 | D:11     | Reached skill level 10 in Axes
  5644 | D:11     | Noticed a two-headed ogre
  5650 | D:11     | Killed a two-headed ogre
  5741 | D:11     | Noticed a two-headed ogre
  5762 | D:11     | Killed a two-headed ogre
  5762 | D:11     | Reached **** piety under Makhleb
  6171 | D:12     | Slain by an enormous slime creature

Levels and vault maps discovered:
D:1:      ebering_trefoil_twist, layout_rooms, minivault_26, chequers_avenue
D:2:      layout_loops_cross, okawaru_trees_1
D:3:      layout_basic
D:4:      layout_basic, first_ration, kennysheep_nub
D:5:      lemuel_insect_pit, layout_loops_ring, uniq_prince_ribbit1
D:6:      layout_basic, temple_statues, serial_shops, shop_fountains,
          xom_teletrap_fun, uniq_crazy_yiuf_cottage
D:7:      layout_cave_pools, serial_shops, shop, uniq_harold
D:8:      layout_gridville, lightli_church_of_beogh, uniq_psyche
D:9:      layout_basic, slow_altar_1, lair_entry_dummy
D:10:     layout_cross
D:11:     layout_roguey, minmay_misc_feat_alley
D:12:     layout_rooms
Temple:   regret_index_temple_sigil_plot

Skill      XL: |  1  2  3  4  5  6  7  8  9 10 11 |
---------------+----------------------------------+-----
Axes           | 3 4 5 6 7 8 9 10 | 10.5
Dodging        | 1 2 3 4 5 6 7 |  7.1
Fighting       | 3 4 5 6 7 8 |  8.4
Armour         | 4 5 6 7 8 |  8.0
Shields        | 4 5 6 7 8 |  8.0
Invocations    | 4 6 8 9 |  9.9

Action                   |  1- 3 |  4- 6 |  7- 9 | 10-12 || total
-------------------------+-------+-------+-------+-------++-------
Melee: War axe           |    77 |   143 |   390 |   394 ||  1004
 Abil: Heal Wounds       |       |     7 |    27 |     5 ||    39
  Use: Scroll            |       |       |    15 |     9 ||    24
  Eat: Chunk             |       |     1 |     6 |     9 ||    16
       Ration            |       |       |     1 |       ||     1
Armor: Scale mail        |    46 |    79 |     4 |       ||   129
       Chain mail        |       |       |    85 |       ||    85
       Plate armour      |       |       |   151 |   194 ||   345
Dodge: Dodged            |    36 |    67 |   127 |   201 ||   431
Block: Kite shield       |    52 |   107 |   227 |   245 ||   631

Table legend:
 A = Non-vault XP
 B = Vault XP
 C = Vault XP percentage of total XP
 D = Non-vault monster count
 E = Vault monster count
 F = Vault count percentage of total count
                 A         B        C        D         E       F
            +---------+---------+-------+---------+---------+-------
      Total |   15460 |    2246 |  12.7 |     223 |      29 |  11.5
            +---------+---------+-------+---------+---------+-------
        D:1 |      13 |       0 |   0.0 |       8 |       0 |   0.0
        D:2 |      14 |       0 |   0.0 |       2 |       0 |   0.0
        D:3 |      81 |       0 |   0.0 |      18 |       0 |   0.0
        D:4 |     494 |       0 |   0.0 |      28 |       0 |   0.0
        D:5 |     601 |     286 |  32.2 |      18 |       1 |   5.3
        D:6 |     404 |       0 |   0.0 |      10 |       0 |   0.0
        D:7 |     764 |    1007 |  56.9 |      22 |       1 |   4.3
        D:8 |    1281 |     935 |  42.2 |      26 |      26 |  50.0
        D:9 |    1046 |      18 |   1.7 |      21 |       1 |   4.5
       D:10 |    2162 |       0 |   0.0 |      16 |       0 |   0.0
       D:11 |    6194 |       0 |   0.0 |      39 |       0 |   0.0
       D:12 |    2406 |       0 |   0.0 |      15 |       0 |   0.0
            +---------+---------+-------+---------+---------+-------
